 Dungeon Crawl Stone Soup version 0.19.4 (webtiles) character file.

2429 LORDOFBUTT the Thaumaturge (level 9, -1/39 HPs)
             Began as a Spriggan Enchanter on Feb 3, 2017.
             Was an Initiate of Gozag.
             Slain by Joseph
             ... wielding a +0 quarterstaff
              (13 damage)
             ... on level 7 of the Dungeon.
             The game lasted 00:10:52 (6624 turns).

LORDOFBUTT the Thaumaturge (Spriggan Enchanter)     Turns: 6624, Time: 00:10:52

Health: -1/39      AC:  4    Str:  5    XL:     9   Next: 24%
Magic:  9/24       EV: 18    Int: 17    God:    Gozag
Gold:   649        SH:  0    Dex: 18    Spells: 8 memorised, 7 levels left

rFire  . . .     SeeInvis +     s - +3 short sword (speed)
rCold  . . .     Gourm    .     a - +2 robe
rNeg   . . .     Faith    .     (shield restricted)
rPois  .         Spirit   .     (helmet restricted)
rElec  .         Reflect  .     (no cloak)
rCorr  .         Harm     .     (gloves unavailable)
MR     +....                    (boots unavailable)
Stlth  ++++++....               (no amulet)
                                (no ring)
                                e - ring of stealth

@: very quick
A: unfitting armour, see invisible, herbivore 3, speed 3, slow metabolism 2
a: Potion Petition, Call Merchant, Bribe Branch, Renounce Religion


You were on level 7 of the Dungeon.
You worshipped Gozag.
Gozag was pleased with you.
You were not hungry.

You visited 2 branches of the dungeon, and saw 8 of its levels.

You collected 775 gold pieces.
You paid 126 gold pieces to Gozag.

Inventory:

Hand Weapons
 s - a +3 short sword of speed (weapon)
Armour
 a - a +2 robe (worn)
Jewellery
 e - a ring of stealth (left hand)
 u - a +3 ring of intelligence {unknown}
Wands
 q - a wand of disintegration (12/24)
Scrolls
 f - 5 scrolls of teleportation
 g - 2 scrolls of enchant armour
 i - 2 scrolls of magic mapping {unknown}
 l - a scroll of noise {unknown}
 m - 4 scrolls of remove curse
 o - a scroll of fear {unknown}
 t - a scroll of enchant weapon {unknown}
Potions
 h - 2 potions of heal wounds
 k - 2 potions of resistance
 n - a potion of flight
 p - a potion of invisibility {unknown}
 r - 3 potions of brilliance {unknown}
Books
 b - a book of Debilitation

   Spells                             Type                      Level
   a - Corona                         Hexes                        1
   b - Slow                           Hexes                        2
   c - Gell's Gravitas                Hexes/Translocation          3
   d - Inner Flame                    Hexes/Fire                   3
   e - Cause Fear                     Hexes                        4
   f - Leda's Liquefaction            Hexes/Earth                  4
 c - a book of Maledictions

   Spells                             Type                      Level
   a - Corona                         Hexes                        1
   b - Ensorcelled Hibernation        Hexes/Ice                    2
   c - Confuse                        Hexes                        3
   d - Tukima's Dance                 Hexes                        3
   e - Dazzling Spray                 Conjuration/Hexes            3
Comestibles
 d - 8 bread rations
 j - 6 fruits


   Skills:
 + Level 2.6 Short Blades
 - Level 3.0 Dodging
 + Level 9.7 Stealth
 * Level 10.3 Spellcasting
 + Level 7.8 Hexes
 + Level 2.9 Ice Magic


You had 7 spell levels left.
You knew the following spells:

 Your Spells              Type           Power        Failure   Level  Hunger
a - Corona                Hex            #####..      1%          1    None
b - Ensorcelled Hibernat  Hex/Ice        ####..       1%          2    None
c - Confuse               Hex            #####...     1%          3    None
d - Slow                  Hex            #####...     1%          2    None
e - Gell's Gravitas       Hex/Tloc       ###.......   8%          3    None
f - Inner Flame           Hex/Fire       ###.....     8%          3    None
g - Cause Fear            Hex            #####.....   4%          4    ###....
h - Tukima's Dance        Hex            #####...     1%          3    None


Dungeon Overview and Level Annotations

Branches:
Dungeon (7/15)             Temple (1/1) D:4

Altars:
Cheibriados
Dithmenos
Elyvilon
Fedhas
Gozag
Hepliaklqana
Kikubaaqudgha
Makhleb
Nemelex Xobeh
Okawaru
Qazlal
Ru
Sif Muna
Trog
Uskayaw
Vehumet
Xom
Yredelemnul
The Shining One

Shops:
D:6 %!(

Annotations:
D:7 Joseph


Innate Abilities, Weirdness & Mutations

You are very small and have problems with some larger weapons.
You are too small for most types of armour.
You have supernaturally acute eyesight. (SInv)
You are a herbivore.
You cover ground extremely quickly.
You need consume almost no food.


Message History

Joseph is severely wounded.
You hit Joseph but do no damage.
Joseph is severely wounded.
You hit Joseph but do no damage.
Joseph is severely wounded.
Joseph completely misses you.
You hit Joseph but do no damage.
Joseph is severely wounded.
You hit Joseph.
Joseph is severely wounded.
Joseph misses you.
You strike the helpless Joseph from behind!
You puncture Joseph!
Joseph is almost dead.
You hit Joseph.
Joseph is almost dead.
Joseph says, "Why is everything spinning?"
Joseph hits you with a quarterstaff!
You die...
Your body crumbles into a pile of gold.

#....#............#.
#####..##.###.###.#####
##..##..##.###+###.#####
#...#...........+.......
#...'...........#....... #
###.####..###..###.#####
...###.#########..######.##
................^...#.......
...|.......@@............)..
###.###...###.##..#....#..##
# ##### # ############## #.
#. #. #. #. ##


You could see Joseph (confused).

Vanquished Creatures
  A troll (D:7)
  The ghost of JeffiDaFish the Stinger, an amateur DsVM (D:5)
  Sigmund (D:6)
  Eustachio (D:6)
  Edmund (D:6)
  Menkaure (D:4)
  Duvessa (D:6)
  The ghost of mrwookie the Grave Robber, an amateur DENe of Sif Muna (D:4)
  A black bear (D:6)
  A sky beast (D:5)
  A phantom (D:5)
  A centaur (D:7)
  2 ogres (D:4)
  Blork the orc (D:4)
  A bullfrog (D:6)
  A water moccasin skeleton (D:7)
  Dowan (D:6)
  A scorpion (D:4)
  A crimson imp (D:6)
  A bullfrog skeleton (D:5)
  A hound (D:4)
  Natasha (thrice) (D:3)
  3 worker ants
  2 iguanas (D:5)
  A killer bee zombie (D:6)
  2 hound skeletons
  4 gnolls (D:6)
  3 adders
  A shadow imp (D:6)
  3 oozes
  An adder skeleton (D:6)
  A worm (D:2)
  3 dart slugs
  3 leopard geckos
  5 orcs
  A ball python (D:4)
  7 bats
  3 giant cockroaches
  2 goblins (D:1)
  6 hobgoblins
  3 jackals (D:2)
  4 quokkas
  8 frilled lizards
  A jackal zombie (D:6)
  7 kobolds
  A quokka zombie (D:6)
  5 rats
105 creatures vanquished.

Notes
Turn   | Place    | Note
-------+----------+-------------------------------------------
     0 | D:1      | LORDOFBUTT the Spriggan Enchanter began the quest for the Orb.
     0 | D:1      | Reached XP level 1. HP: 9/9 MP: 5/5
   194 | D:1      | Reached XP level 2. HP: 13/13 MP: 6/6
   198 | D:1      | Learned a level 2 spell: Ensorcelled Hibernation
   267 | D:1      | Reached skill level 3 in Spellcasting
  1049 | D:2      | Reached skill level 5 in Stealth
  1209 | D:2      | Reached XP level 3. HP: 16/16 MP: 8/8
  1300 | D:2      | Found a deep blue altar of Sif Muna.
  1437 | D:2      | Learned a level 3 spell: Confuse
  1556 | D:2      | Reached skill level 4 in Spellcasting
  2147 | D:3      | Reached XP level 4. HP: 21/21 MP: 11/11
  2173 | D:3      | Noticed Natasha
  2181 | D:3      | Killed Natasha
  2336 | D:3      | Noticed Natasha
  2345 | D:3      | Killed Natasha
  2651 | D:3      | Reached XP level 5. HP: 24/24 MP: 13/13
  2787 | D:3      | Noticed Natasha
  2794 | D:3      | Killed Natasha
  2794 | D:3      | Reached skill level 5 in Spellcasting
  2939 | D:4      | Noticed an ogre
  2945 | D:4      | Killed an ogre
  2945 | D:4      | Reached skill level 5 in Hexes
  2969 | D:4      | Reached XP level 6. HP: 5/28 MP: 10/15
  3204 | D:4      | Noticed mrwookie's ghost (amateur DENe)
  3240 | D:4      | Killed mrwookie's ghost
  3240 | D:4      | Reached skill level 6 in Spellcasting
  3466 | D:4      | Found a staircase to the Ecumenical Temple.
  3587 | D:4      | Noticed Menkaure
  3776 | D:4      | Killed Menkaure
  3776 | D:4      | Reached skill level 7 in Spellcasting
  3776 | D:4      | Reached XP level 7. HP: 18/32 MP: 14/18
  3974 | D:4      | Noticed Blork the orc
  3982 | D:4      | Killed Blork the orc
  4258 | D:5      | Entered Level 5 of the Dungeon
  4286 | D:5      | Noticed JeffiDaFish's ghost (amateur DsVM)
  4398 | Temple   | Entered the Ecumenical Temple
  4554 | Temple   | Became a worshipper of Gozag Ym Sagoz the Greedy
  4606 | D:5      | Killed JeffiDaFish's ghost
  4606 | D:5      | Reached skill level 8 in Spellcasting
  4689 | D:5      | Reached XP level 8. HP: 30/36 MP: 1/21
  4764 | D:5      | Found a shadowy altar of Dithmenos.
  4825 | D:5      | Reached skill level 1 in Ice Magic
  5175 | D:5      | Found a shadowy altar of Dithmenos.
  5275 | D:6      | Noticed Edmund
  5287 | D:6      | Killed Edmund
  5287 | D:6      | Reached skill level 9 in Spellcasting
  5292 | D:6      | Noticed Dowan
  5294 | D:6      | Noticed Duvessa
  5298 | D:6      | Killed Dowan
  5336 | D:6      | Killed Duvessa
  5649 | D:6      | Found Ymiricua's Weapon Boutique.
  5660 | D:6      | Noticed Sigmund
  5666 | D:6      | Killed Sigmund
  5850 | D:6      | Learned a level 2 spell: Slow
  5854 | D:6      | Learned a level 3 spell: Gell's Gravitas
  5858 | D:6      | Learned a level 3 spell: Inner Flame
  5863 | D:6      | Learned a level 4 spell: Cause Fear
  5901 | D:6      | Found Samom's Food Shoppe.
  5906 | D:6      | Learned a level 3 spell: Tukima's Dance
  5969 | D:6      | Found Heitail's Distillery.
  5988 | D:6      | Noticed Eustachio
  6005 | D:6      | Killed Eustachio
  6005 | D:6      | Reached skill level 10 in Spellcasting
  6005 | D:6      | Reached XP level 9. HP: 37/39 MP: 22/24
  6387 | D:7      | Found a basalt altar of Yredelemnul.
  6519 | D:7      | Noticed a troll
  6526 | D:7      | Killed a troll
  6600 | D:7      | Noticed Joseph
  6624 | D:7      | Slain by Joseph

Skill      XL: |  1  2  3  4  5  6  7  8 |
---------------+-------------------------+-----
Spellcasting   | 3 4 5 7 8 10 | 10.3
Hexes          | 4 5 6 7 |  7.8
Stealth        | 5 6 7 8 9 |  9.7
Ice Magic      | 2 |  2.9
Short Blades   | 2 |  2.6
Dodging        | |  3.0

Action                   |  1- 3 |  4- 6 |  7- 9 || total
-------------------------+-------+-------+-------++-------
Melee: Dagger            |   179 |    71 |    81 ||   331
       Short sword       |       |       |   106 ||   106
 Cast: Ensorcelled Hiber |     7 |    10 |    34 ||    51
       Confuse           |       |     7 |    14 ||    21
  Use: Scroll            |     5 |       |     3 ||     8
       Potion            |       |     3 |       ||     3
 Stab: Sleeping          |    18 |    13 |    30 ||    61
       Confused          |       |     3 |    11 ||    14
       Distracted        |       |       |     3 ||     3
  Eat: Bread ration      |       |     1 |       ||     1
Armor: Robe              |    33 |     6 |    17 ||    56
Dodge: Dodged            |   132 |    54 |   119 ||   305
